AoeStats
← Křovák

Arena

510120345Analyzed
1v1 RM · 3d ago on Sep 29, 2026· 44m 10s· 2 players
Game mode
Random Map
Map size
Tiny (2 player)
Population
200
Speed
Normal
Resources
Standard
Victory
Conquest
Starting age
Dark Age
Ending age
Imperial Age
RankedLock teamsTeams togetherTeam positionsShared explorationLock speedFull tech treeHidden civsTurbo modeCheats
Victory
Defeat
🇦🇷 Malians · Argentina
906
+42
🇨🇿 Byzantines · Czechia
874
-15
CG Sentey
11:00 Loom
12:45 Feudal Age
14:12 Double-Bit Axe
14:11 Horse Collar
18:27 Castle Age
16:51 Arson
17:14 Scale Mail Armor
17:24 Scale Mail Armor
17:29 Stone Mining
21:03 Squires
21:18 Forging
23:37 Stone Shaft Mining
26:26 Gold Mining
30:22 Gold Shaft Mining
31:23 Bow Saw
41:57 Imperial Age
44:56 Conscription
45:09 Ballistics
Křovák
9:58 Loom
11:54 Feudal Age
14:11 Double-Bit Axe
14:09 Horse Collar
17:00 Castle Age
18:08 Bow Saw
18:00 Heavy Plow
22:56 Fletching
32:58 Imperial Age
31:04 Murder Holes
33:05 Fortified Wall
32:52 Murder Holes
33:49 Crossbowman
34:35 Thumb Ring
36:29 Padded Archer Armor
38:15 Bodkin Arrow
38:36 Leather Archer Armor
Connection lost

Rejoining the realm…

Still unreachable

The connection could not be restored.

Session expired

The server has moved on; the page needs a fresh start.